 Seeded DCSS version 0.30.1-6-gbe392663c4 (webtiles) character file.

Game seed: 16653573533833982129 (custom seed)

39 Psyclone the Stinger (level 3, -3/19 HPs)
             Began as a Deep Elf Venom Mage on Sept 21, 2023.
             Slain by Natasha (6 damage)
             ... on level 2 of the Dungeon.
             The game lasted 00:05:17 (1444 turns).

Psyclone the Stinger (Deep Elf Venom Mage)          Turns: 1444, Time: 00:05:17

Health: -3/19      AC:  2    Str:  5    XL:     3   Next: 26%
Magic:  1/9        EV: 12    Int: 27    God:
Gold:   77         SH:  0    Dex: 15    Spells: 5/8 levels left

rFire   . . .        f - +0 dagger
rCold   . . .        (no shield)
rNeg    . . .        a - +0 robe
rPois   .            (no helmet)
rElec   .            (no cloak)
rCorr   .            (no gloves)
SInv    .            (no boots)
Will    .....        n - amulet of the acrobat
Stlth   ++           m - +6 ring of intelligence
HPRegen 0.23/turn    (no ring)
MPRegen 0.11/turn

%: acrobat
@: no status effects
A: no striking features
a: no special abilities


You were on level 2 of the Dungeon.
You visited 1 branch of the dungeon, and saw 2 of its levels.

You collected 77 gold pieces.

Inventory:

Hand Weapons
 f - a +0 dagger (weapon)
Armour
 a - a +0 robe (worn)
Jewellery
 m - a +6 ring of intelligence (left hand)
 n - an amulet of the acrobat (around neck)
Scrolls
 c - a scroll of butterflies {unknown}
 g - 6 scrolls of identify {unknown}
 j - a scroll of amnesia {unknown}
 l - a scroll of magic mapping {unknown}
 o - a scroll of noise {unknown}
Potions
 b - a potion of magic
 d - a potion of ambrosia {unknown}
 e - a potion of attraction {unknown}
 h - a potion of curing {unknown}
 i - a potion of might {unknown}
 k - a potion of berserk rage {unknown}
 p - a potion of brilliance {unknown}


   Skills:
 - Level 2.4 Dodging
 - Level 2.4 Stealth
 - Level 3.0 Spellcasting
 - Level 1.1 Transmutations
 + Level 4.9 Poison Magic


You had 5 spell levels left.
You knew the following spells:

 Your Spells              Type           Power      Damage    Failure   Level
a - Poisonous Vapours     Pois/Air       34%        N/A       4%          2
v - Sting                 Tmut/Pois      80%        1d7       2%          1

Your spell library contained the following spells:

 Spells                   Type           Power      Damage    Failure   Level
 Ignite Poison            Fire/Tmut/Pois 14%        N/A       12%         3
 Olgreb's Toxic Radiance  Pois           30%        N/A       12%         4
 Mephitic Cloud           Conj/Pois/Air  12%        N/A       14%         3
 Sticky Flame             Conj/Fire      4%         2d3       65%         4
 Ignition                 Fire           2%         3d3       100%        8


Dungeon Overview and Level Annotations

Branches:
Dungeon (2/15) Zot: 10558

Altars:

Shops:
D:2 *

Annotations:
D:2 Natasha


Message History

Casting: Poisonous Vapours (safe; 4% risk of failure)
Confirm with . or Enter, or press ? or * to list all spells.
Aiming: Poisonous Vapours (safe; 4% risk of failure)
Press: ? - help, Dir - move target, f/p - Natasha
Aim: Natasha (lightly wounded, very poisoned) Poisonous vapours surround Natasha!
Natasha looks even sicker.
Natasha growls.
Natasha claws you.
You take 3 damage, and have 14/19 hp.
You now have 1/9 mp.
You closely miss Natasha.
Natasha is lightly wounded.
Natasha claws you but does no damage.
You hit Natasha but do no damage.
Natasha is lightly wounded.
Natasha claws you.
You take 5 damage, and have 9/19 hp.
MASSIVE DAMAGE!!
You hit Natasha.
Natasha is moderately wounded.
Natasha barely misses you.
Casting: Poisonous Vapours (safe; 4% risk of failure)
Confirm with . or Enter, or press ? or * to list all spells.
You don't have enough magic to cast this spell.
Unknown command.
You hit Natasha but do no damage.
Natasha is severely wounded.
Natasha claws you.
Your magical contamination has completely faded away.
You take 3 damage, and have 6/19 hp.
Casting: Poisonous Vapours (safe; 4% risk of failure)
Confirm with . or Enter, or press ? or * to list all spells.
Aiming: Sting (safe; 2% risk of failure)
Press: ? - help, Shift-Dir - straight line, f/p - Natasha
Aim: Natasha (severely wounded, very poisoned, 70% to hit)
The sting hits Natasha.
Natasha looks even sicker.
Natasha is almost dead.
Natasha claws you.
* * * LOW HITPOINT WARNING * * *
You take 3 damage, and have 3/19 hp.
Natasha attacks as you move away! Natasha claws you.
You die...

######## ###
#......#
..#########......###
..'.†.....'......'>#
..#########......#.
### ..# #......#
.... ### ##..>..#
.[... #
#.###.#...... ##
#....@h...... .#
#######...... .#
....?. .# ..... .#
..... .# ##'# .# #
.# ...## ##...


You could see Natasha (very poisoned).

Vanquished Creatures
  4 ball pythons
  4 endoplasms (D:1)
  2 giant cockroaches (D:2)
  2 hobgoblins (D:1)
  8 jackals (D:1)
  A quokka (D:1)
  2 bats
  4 frilled lizards (D:1)
  4 goblins
  A kobold (D:1)
  3 rats (D:1)
35 creatures vanquished.

Notes
Turn   | Place    | Note
-------+----------+-------------------------------------------
     0 | D:1      | Psyclone the Deep Elf Venom Mage began the quest for the
                  | Orb.
     0 | D:1      | Reached XP level 1. HP: 10/10 MP: 6/6
   228 | D:1      | Identified a scroll of acquirement
   228 | D:1      | Acquired an Everburning Encyclopedia
   349 | D:1      | Reached XP level 2. HP: 15/15 MP: 6/8
   354 | D:1      | Learned a level 2 spell: Poisonous Vapours
   380 | D:1      | Reached skill level 4 in Poison Magic
  1009 | D:1      | Reached XP level 3. HP: 18/19 MP: 1/9
  1279 | D:2      | Found Naoclo's General Store.
  1434 | D:2      | Noticed Natasha
  1444 | D:2      | Slain by Natasha

Illustrated notes

Levels and vault maps discovered:
D:1:      dpeg_arrival_tiny_k, layout_loops_ring, minmay_hexomino_c4
D:2:      layout_basic, serial_shops, shop, minmay_joined_circles, uniq_natasha,
          uniq_terence

Skill      XL: |  1  2 |
---------------+-------+-----
Poison Magic   | 4 |  4.9
Dodging        | |  2.4
Stealth        | |  2.4
Spellcasting   | |  3.0
Transmutations | |  1.1

Action                     || total
---------------------------++-------
  Melee: Dagger            ||    36
         Punch             ||     1
   Cast: Sting             ||    18
         Poisonous Vapours ||    26
    Use: Scroll            ||     1
 Armour: Robe              ||     5
  Dodge: Dodged            ||    34
